 Dungeon Crawl Stone Soup version 0.32-a0-918-g0f22ef8d61 (webtiles) character file.

Game seed: 1615874494484292783

193 innerfire43 the Chopper (level 5, -1/38 HPs)
             Began as a Demonspawn Wanderer on Apr 11, 2024.
             Slain by an ogre
             ... wielding a +0 giant club
              (11 damage)
             ... on level 4 of the Dungeon.
             The game lasted 00:03:04 (2292 turns).

innerfire43 the Chopper (Demonspawn Wanderer)       Turns: 2292, Time: 00:03:04

Health: -1/38      AC:  7    Str: 12    XL:     5   Next: 43%
Magic:  5/5        EV:  9    Int: 10    God:
Gold:   150        SH:  4    Dex: 17    Spells: 4/4 levels left

rFire   . . .        p - +2 whip (flame)
rCold   . . .        h - +0 buckler
rNeg    . . .        g - +0 ring mail
rPois   .            l - +0 helmet
rElec   .            (no cloak)
rCorr   .            c - +0 pair of gloves
SInv    .            (no boots)
Will    .....        f - amulet of the acrobat
Stlth   +            (no ring)
HPRegen 0.26/turn    (no ring)
MPRegen 0.09/turn

%: acrobat
@: no status effects
A: ignite blood 1, demonic magic 2
a: no special abilities


You were on level 4 of the Dungeon.
You visited 1 branch of the dungeon, and saw 4 of its levels.

You collected 150 gold pieces.

Inventory:

Hand Weapons
 a - a +0 war axe
 b - a +0 short sword
 p - a +2 whip of flaming (weapon)
Armour
 c - a +0 pair of gloves (worn)
 e - a +0 robe
 g - a +0 ring mail (worn)
 h - a +0 buckler (worn)
 l - a +0 helmet (worn)
Jewellery
 f - an amulet of the acrobat (around neck)
 i - a ring of ice
Scrolls
 d - a scroll of fog
 k - a scroll of blinking {unknown}
 m - a scroll of revelation {unknown}
 n - a scroll of poison {unknown}
 r - a scroll of enchant armour {unknown}
 s - a scroll of torment {unknown}
 u - a scroll of teleportation {unknown}
 v - a scroll of immolation {unknown}
Potions
 j - 5 potions of curing
 o - a potion of resistance {unknown}
 q - a potion of cancellation {unknown}
 t - a potion of mutation {unknown}
 w - a potion of lignification {unknown}


   Skills:
 + Level 2.1 Fighting
 - Level 1.7 Short Blades
 - Level 4.2(4.4) Axes
 * Level 2.0(3.4) Maces & Flails
 * Level 2.8 Armour
 - Level 1.7 Dodging
 - Level 2.0 Evocations


You had 4 spell levels left.
You didn't know any spells.
Your spell library was empty.

Dungeon Overview and Level Annotations

Branches:
Dungeon (4/15)
 Temple: D:4-7

Altars:
Ashenzari


Innate Abilities, Weirdness & Mutations

Your demonic aura sometimes causes spilled blood to erupt in flames.
Spells you cast may paralyse nearby enemies.


Message History

Found a stone staircase leading up.
No target in view!
You see here a quokka skeleton.
You see here a +0 club.
There is an open door here.
As you open the door, it creaks loudly!
No target in view!
Done exploring.
No target in view!
Done exploring.
No target in view!
Done exploring.
No target in view!
There is an open door here.
You see here 6 datura-tipped darts.
There is a stone staircase leading down here.
You climb downwards.
You hear the hiss of flowing sand.
There is an entrance to an ossuary on this level.
Hurry and find it before the portal is buried!
The ogre shouts!
There is a stone staircase leading up here.
An ogre is nearby!
You hit the ogre. You burn the ogre.
The ogre is lightly wounded.
The ogre hits you with a +0 giant club!!
An ogre is nearby!
You hit the ogre. You burn the ogre.
The ogre is moderately wounded.
An ogre is nearby!
You hit the ogre. You burn the ogre.
The ogre is severely wounded.
The ogre hits you with a +0 giant club!!
* * * LOW HITPOINT WARNING * * *
You are too injured to fight recklessly!
An ogre is nearby!
You are too injured to fight recklessly!
Unknown command.
It was a potion of curing.
You feel better. The ogre hits you with a +0 giant club!
You die...

#
###.#
#@O.#
#.###
#.#
#.#
...
#.#
#.#
#.#


You could see an ogre.

Vanquished Creatures
  An orc wizard (D:3)
  8 adders
  2 ribbon worms
  6 dart slugs
  8 orcs (D:3)
  6 endoplasms
  A giant cockroach (D:1)
  6 goblins
  5 hobgoblins
  3 kobolds
  3 quokkas
  10 ball pythons
  8 bats
  A frilled lizard (D:1)
  4 rats (D:1)
72 creatures vanquished.

Notes
Turn   | Place    | Note
-------+----------+-------------------------------------------
     0 | D:1      | innerfire43 the Demonspawn Wanderer began the quest for the
                  | Orb.
     0 | D:1      | innerfire43 set off with the following items: a +0 war axe,
                  | a +0 short sword, a +0 pair of gloves, a scroll of fog, a
                  | +0 robe.
     0 | D:1      | Reached XP level 1. HP: 13/13 MP: 1/1
   280 | D:1      | Gained mutation: Your demonic aura sometimes causes spilled
                  | blood to erupt in flames. [demonic ancestry]
   280 | D:1      | Reached XP level 2. HP: 19/20 MP: 2/2
   363 | D:1      | Reached skill level 1 in Armour
   400 | D:1      | Reached skill level 4 in Axes
   472 | D:1      | Reached skill level 1 in Fighting
   522 | D:1      | Gained mutation: Spells you cast may paralyse adjacent
                  | enemies. [demonic ancestry]
   522 | D:1      | Reached XP level 3. HP: 26/26 MP: 3/3
  1149 | D:2      | Reached XP level 4. HP: 32/32 MP: 4/4
  1354 | D:2      | Reached skill level 1 in Maces & Flails
  1648 | D:3      | Gained mutation: Spells you cast may paralyse nearby
                  | enemies. [demonic ancestry]
  1648 | D:3      | Reached XP level 5. HP: 29/38 MP: 5/5
  1794 | D:3      | Found a broken altar of Ashenzari.
  2288 | D:4      | Noticed an ogre
  2292 | D:4      | Slain by an ogre

Illustrated notes

Levels and vault maps discovered:
D:1:      mrwooster_arrival_statue_2, layout_loops_ring
D:2:      layout_basic, kennysheep_generic_room_4
D:3:      layout_basic, ashenzari_altar_1
D:4:      layout_loops_ring, mainiacjoe_overflow_brackets, lemuel_doored_altar,
          gup_ossuary_entry_pyramid, uniq_edmund

Skill      XL: |  1  2  3  4  5 |
---------------+----------------+-----
Armour         | 1 2 |  2.8
Axes           | 4 |  4.2
Fighting       | 1 2 |  2.1
Maces & Flails | 1 2 |  2.0
Short Blades   | |  1.7
Dodging        | |  1.7
Evocations     | |  2.0

Action                     |  1- 3 |  4- 6 || total
---------------------------+-------+-------++-------
  Melee: War axe           |    77 |       ||    77
         Whip              |    19 |   109 ||   128
    Use: Potion            |       |     1 ||     1
 Armour: Robe              |    13 |       ||    13
         Ring mail         |    41 |    48 ||    89
  Dodge: Dodged            |    64 |    44 ||   108
  Block: Buckler           |    23 |    11 ||    34

Table legend: (Time is in decaauts)
 A = Elapsed time spent in this place.
 B = Non-inter-level travel time spent in this place.
 C = Inter-level travel time spent in this place.
 D = Time resting spent in this place.
 E = Time spent auto-exploring this place.
 F = Levels seen in this place.
 G = Mean time per level.
                   A        B        C        D        E       F      G
               +--------+--------+--------+--------+--------+-----+--------+
         Total |   2319 |   2314 |      5 |      0 |   1744 |   4 |  579.8 |
       Dungeon |   2319 |   2314 |      5 |      0 |   1744 |   4 |  579.8 |
               +--------+--------+--------+--------+--------+-----+--------+

Top non-repeatable levels by time:
     D:2: 799 daAuts
     D:3: 778 daAuts
     D:1: 738 daAuts
     D:4: 3 daAuts
